[Event "Titled Tuesday Blitz June 29 2021"]
[White "GOGIEFF"]
[Black "Saqo007"]
[WhiteElo "2980"]
[BlackElo "2463"]
[Result "1-0"]
[Round "01"]
[TimeControl "180+1"]
[Date "2021.06.29"]
[WhiteClock "0:01:18"]
[BlackClock "0:00:30"]

1. d4 d5 2. c4 e6 3. Nc3 Nf6 4. cxd5 exd5 5. Bg5 Be7 6. e3 O-O 7. Bd3 Nbd7 8. Nf3 b6 9. O-O Bb7 10. Rc1 c5 11. Bf5 g6 12. Bh3 Re8 13. Qa4 Nf8 14. Rfd1 Ne4 15. Nxe4 dxe4 16. dxc5 Qc7 17. Bf4 Qc6 18. Qxc6 Bxc6 19. Nd4 Ba4 20. b3 bxc5 21. Nf5 Bb5 22. Nxe7+ Rxe7 23. Rxc5 Bd3 24. Rdc1 f5 25. g4 fxg4 26. Bxg4 Kf7 27. Bd6 Rb7 28. Rc7+ Rxc7 29. Rxc7+ Kf6 30. Be7+ Ke5 31. Rc5# 1-0


[Site "https://www.chess.com"]

[Event "Titled Tuesday Blitz June 29 2021"]
[White "GianmarcoVaR"]
[Black "ToddBryant"]
[WhiteElo "2670"]
[BlackElo "2356"]
[Result "1-0"]
[Round "01"]
[TimeControl "180+1"]
[Date "2021.06.29"]
[WhiteClock "0:00:52"]
[BlackClock "0:00:28"]

1. Nf3 c5 2. g3 g6 3. Bg2 Bg7 4. O-O Nc6 5. c4 Nf6 6. Nc3 d6 7. d4 cxd4 8. Nxd4 Nxd4 9. Qxd4 O-O 10. Qd3 Rb8 11. b3 Nd7 12. Bb2 Qa5 13. Rab1 Ne5 14. Qd2 b5 15. cxb5 Rxb5 16. Rfd1 Rb8 17. Nd5 Qd8 18. f4 Nc6 19. Bxg7 Kxg7 20. Qc3+ f6 21. Qxc6 Bf5 22. Rbc1 Qa5 23. Nxe7 Rbe8 24. Qc7 Rf7 1-0


[Site "https://www.chess.com"]

[Event "Titled Tuesday Blitz June 29 2021"]
[White "GigaQuparadze"]
[Black "partiallySquared"]
[WhiteElo "2950"]
[BlackElo "2459"]
[Result "1-0"]
[Round "01"]
[TimeControl "180+1"]
[Date "2021.06.29"]
[WhiteClock "0:02:18"]
[BlackClock "0:01:42"]

1. e4 c5 2. Nf3 d6 3. d4 cxd4 4. Nxd4 Nf6 5. Nc3 a6 6. Be2 e6 7. O-O b5 8. a4 b4 9. Na2 Nxe4 10. Nxb4 Bb7 11. a5 d5 12. c3 Be7 13. Qa4+ Qd7 14. Bf4 Nc5 15. Qxd7+ Nbxd7 16. Bg3 O-O 17. Ndc6 Bf6 18. Bd6 Rfe8 19. Rfd1 Ne4 20. Bf4 Ndc5 21. Be3 Rec8 22. f3 Nxc3 23. bxc3 Bxc6 24. Bxc5 Bxc3 25. Rac1 1-0


[Site "https://www.chess.com"]

[Event "Titled Tuesday Blitz June 29 2021"]
[White "GoltsevDmitry2000"]
[Black "MLev0907"]
[WhiteElo "2819"]
[BlackElo "2416"]
[Result "1/2-1/2"]
[Round "01"]
[TimeControl "180+1"]
[Date "2021.06.29"]
[WhiteClock "0:01:26"]
[BlackClock "0:00:10"]

1. e4 e6 2. d4 d5 3. exd5 exd5 4. Bd3 Bd6 5. Nf3 Nf6 6. O-O O-O 7. h3 c6 8. Bg5 h6 9. Bh4 Be6 10. Re1 Nbd7 11. Ne5 Qc7 12. f4 Ne4 13. Bxe4 dxe4 14. Rxe4 Bd5 15. Re1 Rfe8 16. Nc3 Nb6 17. Qg4 c5 18. Nb5 Qb8 19. Bf6 g6 20. f5 g5 21. h4 Bxe5 22. hxg5 Bh2+ 23. Kh1 Qg3 24. Qxg3 Bxg3 25. Rxe8+ Rxe8 26. dxc5 Re2 27. Nc3 Rxg2 28. Nxd5 Rh2+ 29. Kg1 Nxd5 30. Rd1 Nxf6 31. gxf6 Rxc2 32. Rd8+ Kh7 33. Rd7 Be5 34. Rxf7+ Kg8 35. Rxb7 Bxf6 36. b4 h5 37. Rxa7 h4 38. Rd7 h3 39. a4 Be5 40. Rd1 Kf7 41. a5 Rb2 42. a6 Rxb4 43. Re1 Bf4 44. Ra1 Bb8 45. a7 h2+ 46. Kh1 Bxa7 47. Rxa7+ Kf6 48. c6 Rc4 49. Rc7 Kxf5 50. Rc8 Ke6 51. Kxh2 Kd6 52. Rd8+ Kxc6 53. Kg3 Kb5 54. Kf3 Rc5 55. Ke3 Rc3+ 56. Kd4 Rc4+ 57. Kd3 Rc6 58. Rb8+ Kc5 59. Ke4 Kd6 60. Rh8 Kc7 61. Kd5 Rd6+ 62. Ke5 Rd1 63. Rh7+ Kb6 64. Rh6+ Kc5 65. Rh8 Re1+ 66. Kf4 Rd1 67. Ke3 Rd5 68. Rc8+ Kd6 69. Ke4 Re5+ 70. Kd4 Rd5+ 71. Kc4 Rh5 72. Ra8 Kc7 73. Ra7+ Kb6 74. Rg7 Rh4+ 75. Kd5 Rh5+ 76. Kd6 Rh1 77. Kd7 Rd1+ 78. Kc8 Rc1+ 79. Kb8 Re1 80. Rb7+ Kc6 81. Rb2 Re8+ 82. Ka7 Re7+ 83. Ka6 Re8 84. Rc2+ Kd5 85. Kb7 Re7+ 86. Kb6 Re4 87. Rc5+ Kd4 88. Rh5 Kd3 89. Kc5 Rc4+ 90. Kb5 Re4 91. Rh3+ Ke2 92. Kc5 Re3 93. Rxe3+ Kxe3 1/2-1/2


[Site "https://www.chess.com"]

[Event "Titled Tuesday Blitz June 29 2021"]
[White "GracefulYear"]
[Black "Federtiu"]
[WhiteElo "2362"]
[BlackElo "2694"]
[Result "1-0"]
[Round "01"]
[TimeControl "180+1"]
[Date "2021.06.29"]
[WhiteClock "0:00:33"]
[BlackClock "0:00:38"]

1. d4 Nf6 2. c4 e6 3. Nc3 Bb4 4. Nf3 Ne4 5. Qb3 a5 6. a3 Bxc3+ 7. bxc3 b6 8. g3 Bb7 9. Bg2 O-O 10. O-O f5 11. Be3 Nc6 12. d5 a4 13. Qa2 Na5 14. Bd4 Ba6 15. Ne5 d6 16. Nc6 Nxc6 17. dxc6 Qe8 18. f3 Nc5 19. Bxc5 bxc5 20. f4 Rb8 21. e4 fxe4 22. Bxe4 Rb3 23. Qc2 h6 24. Qd3 d5 25. Bh7+ Kh8 26. Qg6 Qxg6 27. Bxg6 Bxc4 28. Rfe1 Rf6 29. f5 Rxg6 30. fxg6 d4 31. cxd4 cxd4 32. Re4 Rd3 33. Rf1 Kg8 34. Ref4 1-0


[Site "https://www.chess.com"]

[Event "Titled Tuesday Blitz June 29 2021"]
[White "GregShahade"]
[Black "ajian"]
[WhiteElo "2730"]
[BlackElo "2386"]
[Result "1-0"]
[Round "01"]
[TimeControl "180+1"]
[Date "2021.06.29"]
[WhiteClock "0:00:10"]
[BlackClock "0:00:04"]

1. e4 e5 2. Nf3 Nc6 3. Bb5 a6 4. Ba4 Nf6 5. O-O Be7 6. Re1 b5 7. Bb3 d6 8. c3 O-O 9. h3 Nb8 10. d4 Nbd7 11. Nbd2 Bb7 12. Bc2 Re8 13. a4 c5 14. Nf1 Bf8 15. Ng3 g6 16. d5 Qb6 17. Be3 Qc7 18. b3 c4 19. b4 Reb8 20. Qd2 Ne8 21. Nh2 Bg7 22. h4 h5 23. Nf3 Bc8 24. Ng5 a5 25. axb5 axb4 26. Rxa8 Rxa8 27. cxb4 Qb7 28. Qe2 Qxb5 29. Nxh5 Bh8 30. Rb1 Ra2 31. Ng3 Ndf6 32. h5 Bg4 33. f3 Bxh5 34. Nf1 Nc7 35. g4 c3 36. Qxb5 Nxb5 37. Bb3 Rb2 38. Rxb2 cxb2 39. Nd2 Na3 40. gxh5 Nxh5 41. Ba2 Bf6 42. Nh3 Bd8 43. Nf2 Ng3 44. Kg2 Ne2 45. Nd3 Nc3 46. Nxb2 Nab5 47. Bc4 Nd4 48. Bxd4 exd4 49. Nd3 Bb6 50. Nb3 Nd1 51. Ba6 Ne3+ 52. Kf2 Nc2 53. Ke2 Na3 54. Kd2 f6 55. Kc1 f5 56. Kb2 fxe4 57. fxe4 g5 58. Kxa3 g4 59. Nd2 g3 60. Nf3 Bd8 61. b5 Bb6 62. Kb3 Kf7 63. Kc4 Kf6 64. Nf4 Kg7 65. Nh5+ Kh6 66. Nxg3 Kg6 67. Nf5 Kf6 68. N5xd4 1-0


[Site "https://www.chess.com"]

[Event "Titled Tuesday Blitz June 29 2021"]
[White "Grischuk"]
[Black "Steven_Rojas"]
[WhiteElo "3081"]
[BlackElo "2470"]
[Result "1-0"]
[Round "01"]
[TimeControl "180+1"]
[Date "2021.06.29"]
[WhiteClock "0:00:35"]
[BlackClock "0:00:03"]

1. e4 e6 2. d4 d5 3. Nc3 Nf6 4. Bg5 Bb4 5. e5 h6 6. Be3 Ne4 7. Qg4 g6 8. a3 Bxc3+ 9. bxc3 h5 10. Qf4 c5 11. Bd3 Bd7 12. Ne2 g5 13. Qf3 c4 14. Bxe4 dxe4 15. Qg3 Rg8 16. h4 g4 17. Bg5 Qa5 18. Qe3 Bc6 19. Ng3 Nd7 20. Nxh5 Rh8 21. Nf6+ Nxf6 22. Bxf6 Rh5 23. O-O Kd7 24. d5 Bxd5 25. Rfd1 Kc6 26. a4 Qb6 27. Rd4 Qb2 28. Rad1 Qxc2 29. Rxd5 exd5 30. Qd4 Qd3 31. Rxd3 exd3 32. Qxg4 Rh6 33. Bg5 Re6 34. Qf5 Rae8 35. Bf4 f6 36. exf6 Re1+ 37. Kh2 Rf8 38. Be3 b6 39. Qe6+ Kb7 40. Qe7+ Ka6 41. Qxf8 Rxe3 42. fxe3 d2 43. Qh6 d1=Q 44. f7 Qg4 45. f8=Q Qd7 46. Qfd6 Qe8 47. Qxd5 Qb8+ 48. Qdd6 Qe8 49. Qhf4 Kb7 50. Qd5+ Ka6 51. Qfxc4+ b5 52. Qcxb5+ Qxb5 53. Qxb5# 1-0


[Site "https://www.chess.com"]

[Event "Titled Tuesday Blitz June 29 2021"]
[White "INDIAN-ELEPHANT"]
[Black "Region_07"]
[WhiteElo "2721"]
[BlackElo "2384"]
[Result "1-0"]
[Round "01"]
[TimeControl "180+1"]
[Date "2021.06.29"]
[WhiteClock "0:01:54"]
[BlackClock "0:00:03"]

1. d4 d5 2. c4 Nc6 3. Nf3 Bg4 4. Nc3 e6 5. e3 Nf6 6. Be2 dxc4 7. Bxc4 Bd6 8. O-O O-O 9. h3 Bh5 10. Be2 a6 11. b3 Qe7 12. Bb2 Rad8 13. Nh4 Bxe2 14. Qxe2 Nd5 15. Nf3 Nxc3 16. Bxc3 e5 17. d5 Nb8 18. e4 Nd7 19. Nd2 f5 20. exf5 Rxf5 21. Ne4 Rdf8 22. Rad1 Nf6 23. Ng3 Rg5 24. Bd2 Rg6 25. Nf5 Qd7 26. Nh4 Nxd5 27. Nxg6 hxg6 28. Qc4 c6 29. Rfe1 Qf7 30. f3 Bc7 31. Re4 Bb6+ 32. Kh1 Bd4 33. f4 Qf5 34. Rde1 Kh7 35. fxe5 Qf2 36. Qxd4 Qxd4 37. Rxd4 Rf2 38. Kg1 1-0


[Site "https://www.chess.com"]

[Event "Titled Tuesday Blitz June 29 2021"]
[White "Joker_Smile888"]
[Black "GM_Crest"]
[WhiteElo "2407"]
[BlackElo "2785"]
[Result "1/2-1/2"]
[Round "01"]
[TimeControl "180+1"]
[Date "2021.06.29"]
[WhiteClock "0:02:08"]
[BlackClock "0:01:35"]

1. e4 e6 2. d4 d5 3. e5 c5 4. c3 Nc6 5. Nf3 Bd7 6. a3 Nge7 7. Bd3 cxd4 8. cxd4 Qb6 9. Bc2 Nf5 10. Bxf5 exf5 11. Nc3 Be6 12. O-O h6 13. b4 Be7 14. Na4 Qb5 15. Nc5 b6 16. a4 Qxb4 17. Bd2 Qb2 18. Rb1 Qa2 19. Ra1 Qb2 20. Rb1 1/2-1/2


[Site "https://www.chess.com"]

[Event "Titled Tuesday Blitz June 29 2021"]
[White "Kcnock2004"]
[Black "wonderfultime"]
[WhiteElo "2444"]
[BlackElo "2875"]
[Result "1-0"]
[Round "01"]
[TimeControl "180+1"]
[Date "2021.06.29"]
[WhiteClock "0:00:25"]
[BlackClock "0:00:02"]

1. e4 c5 2. Nf3 Nf6 3. Nc3 d5 4. exd5 Nxd5 5. Bc4 Nb6 6. Be2 Nc6 7. O-O e6 8. d3 Be7 9. Be3 O-O 10. d4 cxd4 11. Nxd4 e5 12. Nxc6 bxc6 13. Bf3 Qc7 14. Nb5 cxb5 15. Bxb6 Qxb6 16. Bxa8 Rd8 17. Qe2 Be6 18. Be4 b4 19. Rad1 Rd4 20. Rxd4 Qxd4 21. b3 f5 22. Bd3 e4 23. Rd1 Qb6 24. Bc4 Kf8 25. Bxe6 Qxe6 26. Qc4 Qe5 27. g3 g6 28. Qd4 Qc7 29. Qh8+ Kf7 30. Qxh7+ Kf6 31. Qh8+ Kf7 32. Qd4 Qa5 33. Qd5+ 1-0


[Site "https://www.chess.com"]

[Event "Titled Tuesday Blitz June 29 2021"]
[White "Khamrakulov_Djurabek"]
[Black "Shuvalov"]
[WhiteElo "2835"]
[BlackElo "2425"]
[Result "1-0"]
[Round "01"]
[TimeControl "180+1"]
[Date "2021.06.29"]
[WhiteClock "0:00:21"]
[BlackClock "0:00:19"]

1. e4 e6 2. d4 d5 3. Bd3 c5 4. Nf3 cxd4 5. Nxd4 e5 6. Nf3 dxe4 7. Bxe4 Qxd1+ 8. Kxd1 f5 9. Bd5 Nf6 10. Bb3 Ng4 11. Ke2 e4 12. Nd4 Bc5 13. c3 Nc6 14. Nxc6 bxc6 15. f3 Ba6+ 16. c4 Nf2 17. Rf1 Nd3 18. fxe4 fxe4 19. Nc3 O-O-O 20. Bg5 Rde8 21. Rf7 Nxb2 22. Bf4 Re7 23. Rxe7 Bxe7 24. Nxe4 Nxc4 25. Kf3 Rf8 26. Kg3 Nb6 27. Nd6+ Bxd6 28. Bxd6 Rf1 29. Be6+ Kb7 30. Rxf1 Bxf1 31. Bf8 g6 32. Bg8 Bc4 33. Bxh7 Bf7 34. Kf4 Nc4 35. h4 a5 36. g4 a4 37. Kg5 Ne5 38. Kf6 Bxa2 39. Kxe5 Bb1 40. Kf6 Kb6 41. Bxg6 Ba2 42. h5 c5 43. h6 a3 44. h7 Bd5 45. h8=Q a2 46. Kg5 Kb5 47. Qb2+ Kc6 48. Be8+ Kc7 49. Bxc5 1-0


[Site "https://www.chess.com"]

[Event "Titled Tuesday Blitz June 29 2021"]
[White "Kretov_Evgenij"]
[Black "Kotofeyca"]
[WhiteElo "2653"]
[BlackElo "2344"]
[Result "1-0"]
[Round "01"]
[TimeControl "180+1"]
[Date "2021.06.29"]
[WhiteClock "0:00:47"]
[BlackClock "0:00:06"]

1. d4 d5 2. c4 c6 3. Nc3 Nf6 4. e3 a6 5. Nf3 Bg4 6. h3 Bxf3 7. Qxf3 e6 8. Bd3 Nbd7 9. O-O Bb4 10. a3 Bxc3 11. bxc3 b5 12. c5 e5 13. Qe2 O-O 14. f4 exf4 15. exf4 Re8 16. Qc2 Ne4 17. f5 Ndf6 18. Bf4 Qa5 19. Bxe4 Nxe4 20. Rf3 Ra7 21. Kh2 Rae7 22. Re3 Qd8 23. Rae1 Qd7 24. g4 Nf6 25. Re5 Ne4 26. a4 f6 27. Rxe7 Rxe7 28. axb5 axb5 29. Ra1 Re8 30. Ra6 h5 31. Kg2 hxg4 32. hxg4 g6 33. Qd3 gxf5 34. Qh3 fxg4 35. Qh5 Qf7 36. Qxg4+ Qg7 37. Qxg7+ Kxg7 38. Rxc6 Nxc3 39. Kf3 Re4 40. Be3 b4 41. Rb6 Nd1 42. Bg1 Re1 43. Bh2 Re4 44. c6 Rxd4 45. c7 Rc4 46. Rb8 b3 47. c8=Q Rxc8 48. Rxc8 b2 49. Rb8 Kg6 50. Bg1 Kf5 51. Bd4 Ke6 52. Bxb2 f5 53. Bd4 Kd6 54. Rb1 1-0


[Site "https://www.chess.com"]

[Event "Titled Tuesday Blitz June 29 2021"]
[White "LileKoridze"]
[Black "azikom"]
[WhiteElo "2373"]
[BlackElo "2705"]
[Result "0-1"]
[Round "01"]
[TimeControl "180+1"]
[Date "2021.06.29"]
[WhiteClock "0:01:05"]
[BlackClock "0:01:29"]

1. d4 d5 2. c4 c6 3. Nf3 Nf6 4. Nc3 dxc4 5. a4 Bf5 6. e3 e6 7. Bxc4 Bb4 8. O-O O-O 9. Ne5 Nbd7 10. Qb3 Qb6 11. Nxd7 Nxd7 12. e4 Bg6 13. d5 Nc5 14. Qd1 exd5 15. exd5 Rad8 16. Be3 Qa5 17. Qb3 Nxb3 0-1


[Site "https://www.chess.com"]

[Event "Titled Tuesday Blitz June 29 2021"]
[White "MFBerna"]
[Black "Ranindu2003"]
[WhiteElo "2378"]
[BlackElo "2707"]
[Result "0-1"]
[Round "01"]
[TimeControl "180+1"]
[Date "2021.06.29"]
[WhiteClock "0:00:15"]
[BlackClock "0:00:45"]

1. d4 Nf6 2. c4 e6 3. Nf3 d5 4. Nc3 Bb4 5. Bg5 h6 6. Bxf6 Qxf6 7. e3 O-O 8. Bd3 dxc4 9. Bxc4 Rd8 10. O-O c5 11. Qe2 Nc6 12. Ne4 Qe7 13. a3 f5 14. Ng3 Ba5 15. dxc5 Kh8 16. b4 Bc7 17. Rfd1 Rf8 18. Bb5 e5 19. Bxc6 bxc6 20. e4 f4 21. Nf5 Bxf5 22. exf5 Rxf5 23. Qe4 Rf6 24. Nd4 Qe8 25. Re1 Qd7 26. Nb5 Re8 27. Rad1 Qe7 28. Nxa7 Qe6 29. b5 Ba5 30. Rf1 f3 31. Qxc6 Qg4 32. g3 Qh3 33. Qxe8+ Kh7 0-1


[Site "https://www.chess.com"]

[Event "Titled Tuesday Blitz June 29 2021"]
[White "MMKZH22"]
[Black "VladDobrov"]
[WhiteElo "2405"]
[BlackElo "2778"]
[Result "0-1"]
[Round "01"]
[TimeControl "180+1"]
[Date "2021.06.29"]
[WhiteClock "0:00:26"]
[BlackClock "0:00:16"]

1. Nf3 d5 2. d4 Nf6 3. c4 c6 4. Nc3 e6 5. e3 Nbd7 6. Qc2 Bd6 7. b3 O-O 8. Bb2 b6 9. Be2 Bb7 10. O-O Qe7 11. Rfd1 Rfe8 12. Rac1 Rad8 13. h3 a6 14. e4 Nxe4 15. Nxe4 dxe4 16. Qxe4 f6 17. Bd3 Nf8 18. Qh4 c5 19. Be4 g5 20. Qg4 h5 21. Qxh5 Bxe4 22. Nxg5 Bg6 23. Qh6 cxd4 24. Bxd4 e5 25. Bxb6 fxg5 26. Bxd8 Rxd8 27. c5 Bc7 28. c6 e4 29. Rd7 Rxd7 30. cxd7 e3 31. Rxc7 e2 32. Rc1 e1=Q+ 33. Rxe1 Qxe1+ 34. Kh2 Qe5+ 35. g3 Qf6 36. Kg1 Nxd7 37. h4 gxh4 38. gxh4 Ne5 39. h5 Nf3+ 40. Kg2 Nh4+ 41. Kg1 Qa1+ 42. Kh2 Qe5+ 43. Kg1 Qxh5 44. Qxh5 Bxh5 45. b4 Kf7 46. a4 Bd1 47. b5 a5 48. b6 Bf3 49. Kh2 Nf5 50. Kh3 Ke7 51. Kh2 Kd7 52. Kg1 Kc6 53. Kf1 Kxb6 54. Ke1 Kc5 55. Kd2 Kb4 56. Kc2 Kxa4 57. Kc3 Kb5 58. Kb3 a4+ 59. Ka3 Ka5 60. Kb2 Kb4 61. Ka2 a3 62. Ka1 Kb3 63. Kb1 Nd4 64. Ka1 Nc2+ 65. Kb1 a2+ 66. Kc1 a1=Q+ 67. Kd2 Qe1+ 68. Kd3 Qc3# 0-1


[Site "https://www.chess.com"]

[Event "Titled Tuesday Blitz June 29 2021"]
[White "MaxLeto"]
[Black "moro182"]
[WhiteElo "2360"]
[BlackElo "2687"]
[Result "0-1"]
[Round "01"]
[TimeControl "180+1"]
[Date "2021.06.29"]
[WhiteClock "0:00:08"]
[BlackClock "0:00:06"]

1. g4 d5 2. Bg2 Nc6 3. g5 e5 4. h4 h6 5. d3 hxg5 6. hxg5 Rxh1 7. Bxh1 Nge7 8. Nc3 Be6 9. e4 d4 10. Nce2 Ng6 11. f4 exf4 12. Nxf4 Bb4+ 13. Kf2 Qxg5 14. Nf3 Qg4 15. Nxg6 Qxg6 16. Bf4 O-O-O 17. a3 Bd6 18. Qd2 Bxf4 19. Qxf4 f6 20. Bg2 Rh8 21. Rg1 Qf7 22. Ke1 Kb8 23. Kd2 a6 24. Kc1 g5 25. Qg3 Qe7 26. Rh1 Rxh1+ 27. Bxh1 Qh7 28. Bg2 Qh5 29. Qf2 Bh3 30. Bxh3 Qxh3 31. Nxd4 Qd7 32. Nxc6+ Qxc6 33. Qf5 Qd6 34. Kd2 Ka7 35. b4 b6 36. Kc3 Kb7 37. Kb3 Ka7 38. a4 Kb7 39. a5 b5 40. c3 Qxd3 41. Qxf6 g4 42. Qf4 g3 43. Qg4 Qb1+ 44. Ka3 Qd3 45. Kb3 Ka7 46. e5 Qc4+ 47. Kb2 Qxg4 48. Ka3 Qe6 49. c4 bxc4 50. b5 g2 51. b6+ cxb6 52. axb6+ Kxb6 53. Ka4 Qd5 54. Kb4 Qb5+ 55. Kc3 Qb3+ 56. Kd4 g1=Q+ 57. Kd5 Qd3+ 58. Ke6 Qgg6+ 59. Ke7 Qdf5 60. e6 Qgxe6+ 61. Kd8 Qf8# 0-1


[Site "https://www.chess.com"]

[Event "Titled Tuesday Blitz June 29 2021"]
[White "Mimsychess"]
[Black "tsaruk_maks"]
[WhiteElo "2348"]
[BlackElo "2656"]
[Result "0-1"]
[Round "01"]
[TimeControl "180+1"]
[Date "2021.06.29"]
[WhiteClock "0:00:11"]
[BlackClock "0:00:54"]

1. d4 Nf6 2. c4 c6 3. Nf3 d5 4. e3 g6 5. Nc3 Bg7 6. h3 O-O 7. Be2 dxc4 8. Bxc4 b5 9. Bd3 Bb7 10. O-O Nbd7 11. e4 b4 12. Ne2 c5 13. d5 c4 14. Bc2 Nc5 15. Ng3 e6 16. Be3 Rc8 17. Nd4 exd5 18. e5 Nfe4 19. Nxe4 dxe4 20. Nb5 Qb6 21. Nd6 Bxe5 22. Nxc8 Rxc8 23. Qg4 f5 24. Qh4 Qf6 25. Bg5 Qf7 26. Rad1 Bxb2 27. Rd6 Be5 28. Rd8+ Rxd8 29. Bxd8 Nd3 30. Ba5 Qf6 31. Qxf6 Bxf6 32. Bxd3 exd3 33. Bxb4 c3 34. Rc1 d2 35. Rf1 Ba6 0-1


[Site "https://www.chess.com"]

[Event "Titled Tuesday Blitz June 29 2021"]
[White "Moon_stone123"]
[Black "jcibarra"]
[WhiteElo "2417"]
[BlackElo "2827"]
[Result "0-1"]
[Round "01"]
[TimeControl "180+1"]
[Date "2021.06.29"]
[WhiteClock "0:00:15"]
[BlackClock "0:00:16"]

1. Nf3 d5 2. g3 g6 3. Bg2 Bg7 4. d4 Nd7 5. O-O Ngf6 6. c4 dxc4 7. Na3 Nb6 8. Ne5 Ng4 9. Nf3 Nf6 10. Nxc4 Nxc4 11. Qa4+ c6 12. Qxc4 Be6 13. Qc2 Bd5 14. Bf4 O-O 15. Be5 Be4 16. Qb3 Qb6 17. Qa3 Rfe8 18. Rac1 Nd5 19. Bxg7 Kxg7 20. Rfd1 Rad8 21. Ne5 Bxg2 22. Kxg2 a6 23. Qb3 Qxb3 24. axb3 Nc7 25. e3 Rd5 26. Nd3 Rb5 27. b4 Nd5 28. Rc5 Ra8 29. Rxb5 axb5 30. e4 Nf6 31. f3 Ra2 32. Kf2 Nd7 33. Rd2 Nb6 34. Nc1 Ra1 35. Nd3 Nc4 36. Rc2 Rh1 37. Kg2 Rd1 38. Nf2 Rxd4 39. Rc3 Nxb2 40. Ng4 Rxb4 41. h4 Rd4 42. Ne5 Nc4 43. Ng4 h5 44. Nf2 Rd2 45. g4 hxg4 46. fxg4 Ne5 47. g5 Ng4 0-1


[Site "https://www.chess.com"]

[Event "Titled Tuesday Blitz June 29 2021"]
[White "NTBT_DHS"]
[Black "alertakobra"]
[WhiteElo "2709"]
[BlackElo "2382"]
[Result "1-0"]
[Round "01"]
[TimeControl "180+1"]
[Date "2021.06.29"]
[WhiteClock "0:00:26"]
[BlackClock "0:00:12"]

1. e4 c5 2. Nf3 g6 3. d4 cxd4 4. c3 d3 5. Bxd3 Nc6 6. h4 h6 7. Be3 Bg7 8. Nbd2 Nf6 9. Nd4 d6 10. Be2 d5 11. Nxc6 bxc6 12. e5 Nd7 13. e6 fxe6 14. Qc2 Kf7 15. h5 g5 16. Qg6+ Kf8 17. f4 Qe8 18. fxg5 Qxg6 19. hxg6 hxg5 20. Rxh8+ Bxh8 21. Bxg5 Ne5 22. O-O-O Nxg6 23. Rf1+ Kg8 24. Bh5 Ne5 25. Bxe7 Ba6 26. Rh1 Bd3 27. Nf3 Bh7 28. Ng5 Bf5 29. g4 Bg6 30. Bd6 Nd3+ 31. Kd2 Bxh5 32. gxh5 Nxb2 33. Bc5 Na4 34. Bd4 e5 35. Be3 Rb8 36. Rg1 Kf8 37. Rf1+ Ke8 38. Nf7 Rb2+ 39. Kc1 Rxa2 40. Rf5 Re2 41. Bg5 Bg7 42. h6 Bxh6 43. Nxh6 e4 44. Bf6 Kd7 45. Re5 Nc5 46. Re7+ Kd6 47. Nf5# 1-0


[Site "https://www.chess.com"]

[Event "Titled Tuesday Blitz June 29 2021"]
[White "Nastya_Rakhmangulova"]
[Black "Byniolus"]
[WhiteElo "2395"]
[BlackElo "2759"]
[Result "0-1"]
[Round "01"]
[TimeControl "180+1"]
[Date "2021.06.29"]
[WhiteClock "0:00:07"]
[BlackClock "0:01:12"]

1. e4 d6 2. Nc3 Nf6 3. g3 Bg4 4. f3 Bh5 5. Bg2 e6 6. Nge2 d5 7. e5 Nfd7 8. Nf4 Bg6 9. Nxg6 hxg6 10. f4 c5 11. d3 Nc6 12. Qe2 g5 13. Qf2 gxf4 14. gxf4 Be7 15. O-O g6 16. Nb5 a6 17. Nd6+ Bxd6 18. exd6 Qb8 19. c4 d4 20. f5 gxf5 21. Bf4 e5 22. Rae1 Qxd6 23. Bg3 Ne7 24. Re2 Rb8 25. Rfe1 f6 26. a3 Rh7 27. h4 f4 28. Bh2 Kd8 29. Kh1 Kc7 30. Bh3 Rbh8 0-1


[Site "https://www.chess.com"]

[Event "Titled Tuesday Blitz June 29 2021"]
[White "NiranjanNavalgund"]
[Black "ChessWarrior7197"]
[WhiteElo "2460"]
[BlackElo "2978"]
[Result "0-1"]
[Round "01"]
[TimeControl "180+1"]
[Date "2021.06.29"]
[WhiteClock "0:00:18"]
[BlackClock "0:00:12"]

1. d4 d5 2. Nf3 Nf6 3. c4 e6 4. g3 Bb4+ 5. Bd2 a5 6. Bg2 O-O 7. O-O dxc4 8. Qc2 b5 9. a4 c6 10. Bg5 Be7 11. Na3 Ba6 12. Rfd1 h6 13. Bxf6 Bxf6 14. Ne5 Ra7 15. Nxc6 Nxc6 16. Bxc6 b4 17. Nb5 Qb6 18. Nxa7 Qxa7 19. e3 Rc8 20. Bg2 Qb6 21. Rac1 g6 22. h4 h5 23. Qe4 Kg7 24. Kh2 Rc7 25. Qf3 Bb7 26. Qe2 Bxg2 27. Kxg2 Qc6+ 28. Qf3 Qxa4 29. e4 c3 30. bxc3 Rxc3 31. Rxc3 bxc3 32. e5 Be7 33. Rc1 Bb4 34. d5 exd5 35. Qxd5 Qe8 36. Re1 Qe6 37. Qe4 Ba3 38. Ra1 Bb4 39. Kh2 Qb3 40. Kg2 Kh7 41. Qf3 Qc4 42. Rd1 Qe6 43. Qe4 Kg7 44. Rc1 Qf5 45. Qxf5 gxf5 46. Rc2 f6 47. e6 Kf8 48. Kf3 Ke7 49. Kf4 Kxe6 50. Ke3 Kd5 51. Kd3 a4 52. Re2 a3 53. Kc2 Kc4 54. Re8 Bc5 55. f3 Bf2 56. Rc8+ Kd4 57. Rxc3 a2 58. Ra3 Bxg3 59. Rxa2 Ke3 60. Ra4 f4 61. Kd1 Bxh4 62. Ra3+ Kf2 63. Kd2 Bg3 64. Ra6 h4 65. Rxf6 h3 66. Rh6 h2 67. Kd3 Kxf3 68. Kd2 Kg2 69. Ke2 f3+ 70. Ke3 f2 71. Ke2 f1=Q+ 0-1


[Site "https://www.chess.com"]

[Event "Titled Tuesday Blitz June 29 2021"]
[White "NoboaKevin1999"]
[Black "IMTominho"]
[WhiteElo "2435"]
[BlackElo "2838"]
[Result "0-1"]
[Round "01"]
[TimeControl "180+1"]
[Date "2021.06.29"]
[WhiteClock "0:00:01"]
[BlackClock "0:00:02"]

1. d4 d5 2. c4 c6 3. cxd5 cxd5 4. Bf4 Nf6 5. e3 Qb6 6. Nc3 Qxb2 7. Nge2 a6 8. h3 Nc6 9. g4 e6 10. Rb1 Qa3 11. Bg2 Qa5 12. O-O Be7 13. Na4 b5 14. Nc5 Bxc5 15. dxc5 O-O 16. Nd4 Bd7 17. g5 Ne4 18. Bxe4 dxe4 19. Nxb5 axb5 20. Qxd7 Rfc8 21. Kg2 e5 22. Bg3 b4 23. Rbd1 Qxa2 24. Rd6 Qa4 25. h4 b3 26. h5 Nb4 27. Qf5 Rxc5 28. Rd7 Rf8 29. Rfd1 Qc6 30. Rxf7 Qc8 31. Rxf8+ Qxf8 32. Qe6+ Kh8 33. Bxe5 Nd3 34. Bg3 b2 35. g6 h6 36. Rb1 Rc1 37. Qa2 Rxb1 38. Qxb1 Qc8 39. Qa2 Qb7 40. Qe6 Qa8 0-1


[Site "https://www.chess.com"]

[Event "Titled Tuesday Blitz June 29 2021"]
[White "OlegKrivonosov"]
[Black "saraswathii"]
[WhiteElo "2718"]
[BlackElo "2384"]
[Result "1-0"]
[Round "01"]
[TimeControl "180+1"]
[Date "2021.06.29"]
[WhiteClock "0:01:34"]
[BlackClock "0:00:52"]

1. Nf3 d5 2. d4 Nf6 3. c4 c6 4. cxd5 cxd5 5. Nc3 Nc6 6. Bf4 Bf5 7. e3 e6 8. Qb3 Bb4 9. Bb5 O-O 10. Bxc6 Bxc3+ 11. Qxc3 Rc8 12. Ne5 Ne4 13. Qa3 bxc6 14. f3 Nd6 15. Ng6 fxg6 16. Bxd6 Rf7 17. O-O g5 18. h3 h5 19. g4 hxg4 20. hxg4 Bg6 21. Kg2 Qf6 22. Be5 Qe7 23. Qxe7 Rxe7 24. Rac1 Bd3 25. Rfd1 Bb5 26. b3 Ba6 27. Rc5 Bb7 28. Rdc1 a6 29. b4 Rf7 30. Rf1 Rcf8 31. Rf2 Rd7 32. Rc1 Kf7 33. Rh1 Kg6 34. Kg3 Rdf7 35. f4 gxf4+ 36. exf4 Rd7 37. Rh5 Kf7 38. Rfh2 Kg8 39. Rh8+ Kf7 40. Rxf8+ Kxf8 41. Rh8+ Kf7 42. f5 exf5 43. gxf5 Re7 44. Kf4 Rd7 45. Rb8 Re7 46. Kg5 Rd7 47. a3 Re7 48. Bd6 Rd7 49. Rf8# 1-0


[Site "https://www.chess.com"]

[Event "Titled Tuesday Blitz June 29 2021"]
[White "PavelShkapenko"]
[Black "esrosenberg"]
[WhiteElo "2702"]
[BlackElo "2365"]
[Result "0-1"]
[Round "01"]
[TimeControl "180+1"]
[Date "2021.06.29"]
[WhiteClock "0:00:06"]
[BlackClock "0:00:33"]

1. e4 e5 2. Nf3 Nc6 3. Bc4 Nf6 4. d3 Bc5 5. O-O a6 6. Be3 d6 7. Nc3 Bg4 8. h3 Bh5 9. g4 Nxg4 10. hxg4 Bxg4 11. Kg2 Nd4 12. Bxd4 exd4 13. Ne2 Qf6 14. Ng3 h5 15. Rh1 h4 16. Nf1 h3+ 17. Kg3 g5 18. Kh2 Bxf3 19. Qd2 Bxh1 20. Ng3 Bg2 21. Nf5 Qe5+ 22. f4 Qxf4+ 23. Qxf4 gxf4 24. b4 Bb6 25. e5 dxe5 26. Re1 f6 27. a4 O-O-O 28. a5 Ba7 29. b5 axb5 30. Bxb5 c6 31. Bc4 Kb8 32. Rb1 Ka8 33. a6 b5 34. Be6 Rh7 35. c3 dxc3 36. Rc1 Bd4 37. a7 Rxa7 38. Nh4 Ra2 39. Ng6 Bd5+ 40. Kxh3 Bxe6+ 0-1


[Site "https://www.chess.com"]